 Dungeon Crawl Stone Soup version 0.26-a0-540-g8a0c9464d7 (webtiles) character file.

Game seed: 11824175395547174203

263 Inarius the Chopper (level 5, -11/41 HPs)
             Began as a Mummy Wanderer on Aug 23, 2020.
             Was an Initiate of Okawaru.
             Killed by divine providence
             ... invoked by an orc priest
              (12 damage)
             ... on level 4 of the Dungeon.
             The game lasted 00:04:09 (2801 turns).

Inarius the Chopper (Mummy Wanderer)                Turns: 2801, Time: 00:04:09

Health: -11/41     AC: 10    Str: 19    XL:     5   Next: 97%
Magic:  7/7        EV:  6    Int:  9    God:    Okawaru [......]
Gold:   162        SH:  0    Dex: 11    Spells: 6/6 levels left

rFire    x . .     SeeInvis .   b - +0 hand axe (vamp)
rCold    + . .     Faith    .   (no shield)
rNeg     + + +     Spirit   .   k - +0 plate armour
rPois    ∞         Reflect  .   (no helmet)
rElec    .         Harm     .   (no cloak)
rCorr    .                      (no gloves)
MR       .....                  (no boots)
Stlth    ..........             (no amulet)
HPRegen  0.13/turn              (no ring)
MPRegen  0.10/turn              (no ring)

@: no status effects
A: no potions, fire vulnerability, cold resistance 1, negative energy resistance
3, torment resistance, unbreathing
a: Renounce Religion


You were on level 4 of the Dungeon.
You worshipped Okawaru.
Okawaru was noncommittal.
You visited 1 branch of the dungeon, and saw 4 of its levels.

You collected 162 gold pieces.

Inventory:

Hand Weapons
 a - a +2 hand crossbow
 b - a +0 vampiric hand axe (weapon)
Missiles
 f - 55 bolts
 g - 6 javelins (quivered)
Armour
 k - a +0 plate armour (worn)
Wands
 j - a wand of flame (12)
Scrolls
 c - 4 scrolls of teleportation
 d - 3 scrolls of enchant weapon
 e - 4 scrolls of remove curse
 i - 2 scrolls of identify


   Skills:
 + Level 3.0 Fighting
 * Level 3.5 Axes
 - Level 1.6 Crossbows
 + Level 2.0 Armour
 + Level 1.4 Dodging
 - Level 1.0 Stealth
 - Level 1.4 Spellcasting
   Level 1.5 Translocations
 + Level 1.0 Evocations


You had 6 spell levels left.
You didn't know any spells.
Your spell library was empty.

Dungeon Overview and Level Annotations

Branches:
Dungeon (4/15)
 Temple: D:4-7

Altars:
Okawaru
Trog

Shops:
D:4 =

Annotations:
D:3 Grinder


Innate Abilities, Weirdness & Mutations

You do not drink.
Your flesh is vulnerable to fire.
You are immune to poison.
Your flesh is cold resistant. (rC+)
You are immune to negative energy. (rN+++)
You are immune to unholy pain and torment.
You can survive without breathing.


Message History

The orc priest hits you but does no damage.
Unknown command.
You barely miss the orc priest.
The orc priest is severely wounded.
You barely miss the orc priest.
The orc priest hits you but does no damage.
The orc priest looks encouraged for a moment.
Unknown command.
You hit the orc priest.
You kill the orc priest!
Okawaru accepts your kill.
Your Fighting skill increases to level 3!
Your Armour skill increases to level 2!
You closely miss the orc priest. The orc priest barely misses you.
Unknown command.
You hit the orc priest.
The orc priest is severely wounded.
The orc priest mumbles some strange prayers to Beogh against you.
Beogh smites you!
You die...

.......≈≈###.. .
#.....≈≈#... ##.#
..#.#.....≈≈#.# #.###
......†<..≈≈#####....
.......#..≈≈≈≈≈≈≈≈≈≈≈
#...##.##.≈≈≈≈≈≈≈≈≈≈≈
... .. #............
. ##. ####))†......
## #..@....###
#....)o..##
#.........#
............#
.........#....
.....?......####
.....#.##.... ..∩#..
.....


You could see an orc priest.

Vanquished Creatures
  2 scorpions
  An orc priest (D:4)
  5 adders
  5 worms
  3 dart slugs
  3 leopard geckos
  An orc (D:4)
  3 bats
  4 giant cockroaches
  9 goblins
  6 hobgoblins
  4 jackals (D:2)
  6 kobolds
  2 quokkas
  4 frilled lizards
  5 rats
63 creatures vanquished.

Vanquished Creatures (others)
  A bat (D:2)
1 creature vanquished.

Grand Total: 64 creatures vanquished

Notes
Turn   | Place    | Note
-------+----------+-------------------------------------------
     0 | D:1      | Inarius the Mummy Wanderer began the quest for the Orb.
     0 | D:1      | Inarius set off with the following items: a +2 hand
                  | crossbow, 29 bolts, 2 scrolls of teleportation, a +0 robe
     0 | D:1      | Reached XP level 1. HP: 16/16 MP: 2/2
     6 | D:1      | Found an iron altar of Okawaru.
    24 | D:1      | Became a worshipper of Warmaster Okawaru
   234 | D:1      | Reached XP level 2. HP: 17/22 MP: 4/4
   358 | D:1      | Reached skill level 1 in Axes
   707 | D:2      | Reached skill level 1 in Dodging
   707 | D:2      | Reached XP level 3. HP: 28/28 MP: 5/5
  1255 | D:2      | Reached XP level 4. HP: 17/34 MP: 6/6
  1627 | D:2      | Found a bloodstained altar of Trog.
  1946 | D:3      | Noticed Grinder
  2498 | D:3      | Reached XP level 5. HP: 28/40 MP: 7/7
  2788 | D:4      | Found Ezaxuno's Jewellery Shop.
  2798 | D:4      | HP: 1/40 [orc priest/+0 mace (3)]
  2801 | D:4      | Killed from afar by an orc priest

Illustrated notes

Levels and vault maps discovered:
D:1:      scummos_arrival_simple_crosswalls, layout_loops_ring,
          okawaru_ov_weapons_minmay
D:2:      layout_loops_ring, trog_book
D:3:      layout_loops_ring, chequers_ecumenical_altar_grove, minmay_bisected,
          uniq_grinder
D:4:      layout_cave_pools, led_sif_book, nicolae_ossuary_entry_giza,
          gammafunk_ghost_gnarly_gnolls, serial_shops, shop

Skill      XL: |  1  2  3  4  5 |
---------------+----------------+-----
Axes           | 1 2 3 |  3.5
Dodging        | 1 |  1.4
Fighting       | 3 |  3.0
Armour         | 2 |  2.0
Crossbows      | |  1.6
Stealth        | |  1.0
Spellcasting   | |  1.4
Translocations | |  1.5
Evocations     | |  1.0

Action                   |  1- 3 |  4- 6 || total
-------------------------+-------+-------++-------
Melee: Hand axe          |   125 |   150 ||   275
 Fire: Hand crossbow     |     8 |     8 ||    16
  Use: Scroll            |       |     4 ||     4
 Stab: Sleeping          |     2 |       ||     2
Armor: Robe              |    16 |       ||    16
       Ring mail         |    24 |    31 ||    55
       Plate armour      |       |    44 ||    44
Dodge: Dodged            |    89 |    76 ||   165

Table legend: (Time is in decaauts)
 A = Elapsed time spent in this place.
 B = Non-inter-level travel time spent in this place.
 C = Inter-level travel time spent in this place.
 D = Time resting spent in this place.
 E = Time spent auto-exploring this place.
 F = Levels seen in this place.
 G = Mean time per level.
                   A        B        C        D        E       F      G
               +--------+--------+--------+--------+--------+-----+--------+
         Total |   2856 |   2752 |    104 |    711 |   1364 |   4 |  714.0 |
       Dungeon |   2856 |   2752 |    104 |    711 |   1364 |   4 |  714.0 |
               +--------+--------+--------+--------+--------+-----+--------+

Top non-repeatable levels by time:
     D:2: 1253 daAuts
     D:3: 847 daAuts
     D:1: 702 daAuts
     D:4: 53 daAuts
